Map: 2000 Atmospheres LE

Players

Serral - Winner!

  • Race: Zerg Zerg

HeroMarine

  • Race: Terran Terran
  • League: Grandmaster

Event: DreamHack SC2 Masters 2021 Fall

VOD

Have the link to the VOD?

Description

Time

  • Played on: Sept. 11, 2021, 10:52 a.m.
  • Length: 8:02

All games in this series

Show
View Real Time Build Order
Export as new Build Order

Serral Zerg - Winner!

Build Orders: Hatch First 

Get SALT Encoding   

  12  0:00  Drone  
  13  0:11  Overlord  
  13  0:16  Drone  
  14  0:30  Drone x2  
  16  0:46  Hatchery  
  15  0:50  Drone  
  15  0:53  Drone  
  15  0:56  Drone  
  18  1:06  Extractor  
  17  1:12  Spawning Pool  
  17  1:16  Drone  
  17  1:19  Drone  
  18  1:27  Drone  
  19  1:38  Drone  
  20  1:50  Drone  
  21  1:58  Queen  
  21  1:59  Queen  
  21  2:00  Zergling x4  
  27  2:10  Drone  
  27  2:11  Overlord  
  28  2:21  Hatchery  
  27  2:24  Drone  
  28  2:32  Drone x3  
  30  2:37  Metabolic Boost  
  30  2:45  Queen  
  30  2:49  Overlord  
  32  2:52  Drone  
  32  2:54  Drone  
  32  2:56  Drone  
  35  3:03  Overlord  
  35  3:09  Drone x4  
  39  3:14  Queen  
  39  3:17  Drone  
  39  3:19  Drone  
  43  3:24  Queen  
  45  3:30  Drone x2  
  45  3:33  Queen  
  49  3:40  Drone  
  50  3:41  Overlord  
  50  3:42  Drone  
  50  3:43  Drone  
  50  3:44  Drone  
  50  3:47  Drone  
  50  3:48  Drone  
  55  3:51  Queen  
  55  3:55  Overlord  
  57  4:00  Zergling x6  
  60  4:02  Queen  
  60  4:07  Overlord  
  60  4:08  Drone x2  
  64  4:14  Queen  
  64  4:16  Drone x2  
  68  4:18  Zergling x4  
  68  4:20  Overlord  
  70  4:25  Drone x3  
  70  4:26  Drone  
  70  4:30  Lair  
  74  4:33  Extractor  
  74  4:35  Zergling x2  
  74  4:36  Drone, Overlord  
  74  4:37  Drone  
  76  4:38  Drone  
  76  4:41  Drone x2  
  76  4:45  Overlord  
  79  4:47  Extractor  
  79  4:49  Zergling x4  
  79  4:51  Drone  
  79  4:52  Baneling Nest, Drone  
  81  4:54  Drone x2  
  81  4:57  Spore Crawler  
  81  4:59  Spore Crawler  
  81  5:00  Spore Crawler, Drone  
  81  5:04  Zergling x4  
  83  5:08  Drone  
  83  5:10  Drone  
  83  5:13  Extractor, Drone x2, Overlord  
  83  5:14  Drone  
  87  5:16  Evolution Chamber  
  87  5:19  Evolution Chamber  
  87  5:20  Drone  
  88  5:21  Roach Warren  
  88  5:23  Extractor  
  88  5:25  Zergling x4  
  89  5:29  Extractor  
  89  5:33  Drone x2  
  90  5:36  Zergling x2  
  90  5:37  Drone x2  
  93  5:44  Zerg Missile Weapons Level 1  
  93  5:46  Hatchery, Overlord  
  93  5:48  Drone  
  93  5:50  Drone x2  
  93  5:53  Drone  
  93  5:54  Drone x4  
  100  5:58  Overlord  
  100  6:01  Zerg Ground Armor Level 1  
  100  6:04  Overlord  
  100  6:05  Zergling x4  
  100  6:06  Zergling x4  
  100  6:09  Overlord  
  100  6:10  Roach  
  106  6:16  Roach  
  106  6:17  Overseer, Glial Reconstitution  
  108  6:21  Roach  
  108  6:24  Roach x4  
  108  6:25  Roach x2  
  122  6:29  Roach  
  124  6:34  Roach x3  
  124  6:38  Roach x2  
  132  6:44  Roach  
  134  6:47  Roach x2  
  134  6:49  Overlord  
  134  6:50  Overlord x2  
  134  6:52  Overlord x3  
  138  7:00  Roach x4  
  139  7:04  Roach  
  139  7:05  Roach x2  
  141  7:09  Overseer, Roach x2  
  141  7:14  Roach x2  
  147  7:20  Roach x6  
  158  7:24  Roach  
  158  7:25  Overseer  
  158  7:26  Ravager x9  
  158  7:29  Roach  
  171  7:35  Overlord  
  171  7:39  Roach x2  
  171  7:43  Overlord x2  
Show
View Real Time Build Order
Export as new Build Order

HeroMarine Terran 

Build Orders: Hellion Opening, Reaper Expand 

Get SALT Encoding   

  12  0:00  SCV  
  13  0:12  SCV  
  14  0:17  Supply Depot  
  14  0:24  SCV  
  15  0:39  SCV  
  15  0:40  Barracks  
  16  0:43  Refinery  
  16  0:51  SCV  
  17  1:03  SCV  
  18  1:15  SCV  
  19  1:27  Reaper, Orbital Command  
  20  1:39  Command Center  
  20  1:48  Supply Depot  
  20  1:53  SCV  
  21  1:59  Marine  
  22  2:05  SCV  
  22  2:07  Factory  
  23  2:17  SCV  
  23  2:20  Barracks Reactor  
  24  2:29  SCV  
  25  2:41  SCV  
  26  2:48  Command Center  
  26  2:53  Orbital Command  
  26  2:54  SCV  
  27  3:02  Hellion  
  27  3:03  Hellion  
  31  3:06  SCV  
  31  3:11  Starport  
  32  3:17  Refinery  
  32  3:18  SCV  
  32  3:19  SCV  
  34  3:25  Hellion  
  36  3:28  Hellion  
  36  3:30  SCV  
  36  3:31  SCV  
  36  3:33  Barracks Tech Lab  
  40  3:42  SCV  
  40  3:44  SCV  
  40  3:46  Hellion  
  44  3:50  Hellion  
  46  3:59  SCV x2  
  46  4:00  Orbital Command  
  46  4:02  Raven  
  50  4:07  Barracks Tech Lab  
  50  4:08  Hellion  
  52  4:11  Hellion  
  52  4:12  SCV x2, Supply Depot  
  56  4:17  Supply Depot  
  56  4:24  SCV x2  
  58  4:28  SCV  
  58  4:29  Hellion  
  61  4:34  Marine, Hellion  
  61  4:36  SCV x2  
  66  4:40  Supply Depot  
  66  4:42  Stimpack  
  66  4:43  Orbital Command  
  66  4:46  Barracks  
  66  4:48  SCV x2  
  66  4:50  Barracks  
  68  4:53  Starport Reactor  
  68  4:54  Refinery, Hellion  
  68  4:55  Refinery  
  68  4:57  Hellion  
  72  5:00  SCV x2  
  72  5:01  Marine  
  72  5:03  Supply Depot  
  75  5:11  SCV, Engineering Bay  
  75  5:12  SCV  
  75  5:13  Engineering Bay  
  77  5:15  SCV  
  77  5:17  Widow Mine  
  77  5:18  Marine  
  77  5:19  Widow Mine  
  83  5:22  Supply Depot  
  83  5:23  SCV  
  83  5:25  SCV  
  83  5:27  SCV  
  85  5:35  SCV  
  85  5:37  SCV  
  85  5:40  Barracks Reactor, SCV, Marine  
  85  5:42  Terran Infantry Armor Level 1, Terran Infantry Weapons Level 1  
  89  5:46  Marine x2  
  89  5:47  Starport Reactor  
  89  5:48  SCV  
  89  5:49  SCV, Widow Mine  
  95  5:56  SCV  
  96  5:58  Marine  
  96  5:59  Widow Mine  
  96  6:00  SCV  
  96  6:01  SCV  
  96  6:02  Supply Depot  
  96  6:03  Supply Depot  
  101  6:07  Supply Depot  
  101  6:09  Marine x2  
  103  6:11  Barracks  
  103  6:12  Barracks  
  103  6:16  SCV  
  103  6:17  Armory  
  104  6:19  SCV  
  104  6:20  SCV  
  104  6:24  Marine x3  
  109  6:27  Marine  
  109  6:29  Supply Depot  
  109  6:30  Medivac  
  109  6:31  Medivac  
  113  6:32  SCV  
  113  6:33  SCV  
  113  6:37  Combat Shield  
  113  6:38  SCV  
  113  6:39  Marine  
  112  6:41  Marine  
  112  6:43  Marine x2  
  115  6:47  Supply Depot  
  115  6:50  Supply Depot  
  115  6:52  SCV  
  115  6:53  SCV x2  
  115  6:54  Factory  
  118  7:00  Marine x3  
  118  7:01  Barracks Reactor x2  
  115  7:02  Widow Mine x2  
  115  7:05  Medivac  
  115  7:07  Medivac  
  111  7:08  SCV x2  
  111  7:12  Marine  
  111  7:13  Marine  
  111  7:14  Refinery  
  114  7:17  Marine  
  114  7:18  Marine x2  
  114  7:22  Supply Depot, Missile Turret  
  117  7:24  Supply Depot  
  121  7:30  Marine x2  
  121  7:35  Marine x2  
  121  7:36  Marine  
  126  7:38  Marine x3  
  126  7:42  Marine  
  130  7:49  Bunker  

Tags
 
Add a new tag
Caveats
  • Supply blocks, unpowered buildings, or Contaminate may cause inaccurate times.
  • Supply counts are checked every 10 seconds.